 Dungeon Crawl Stone Soup version 0.24-a0-378-g94936e539c (webtiles) character file.

Game seed: 4569031579509495162

143 D1HalberdGnoll the Bolt Thrower (level 5, -1/34 HPs)
             Began as a Kobold Arcane Marksman on June 1, 2019.
             Slain by a worker ant (2 damage)
             ... on level 3 of the Dungeon.
             The game lasted 00:03:19 (2754 turns).

D1HalberdGnoll the Bolt Thrower (KoAM)              Turns: 2754, Time: 00:03:19

Health: -1/34      AC:  6    Str: 10    XL:     5   Next: 50%
Magic:  6/6        EV: 14    Int: 14    God:
Gold:   73         SH:  0    Dex: 16    Spells: 5/6 levels left

rFire    . . .     SeeInvis .   b - +0 dagger
rCold    . . .     Gourm    .   (shield restricted)
rNeg     . . .     Faith    .   i - +0 ring mail (curse)
rPois    .         Spirit   .   (no helmet)
rElec    .         Reflect  .   (no cloak)
rCorr    +         Harm     .   c - +0 pair of gloves
MR       .....                  (no boots)
Stlth    ++........             (no amulet)
HPRegen  0.11/turn              j - ring of resist corrosion
MPRegen  0.10/turn              (no ring)

@: lethally poisoned (-1 -> -9)
A: small, carnivore, robust 1, strong 1
a: no special abilities


You were on level 3 of the Dungeon.
You were very hungry.

You visited 1 branch of the dungeon, and saw 4 of its levels.

You collected 73 gold pieces.

Inventory:

Hand Weapons
 a - a +0 hand crossbow
 b - a +0 dagger (weapon)
Missiles
 d - 9 bolts
Armour
 c - a +0 pair of gloves (worn)
 i - a cursed +0 ring mail (worn)
Jewellery
 j - a ring of resist corrosion (left hand)
 q - an uncursed ring of poison resistance {unknown}
Wands
 o - a wand of random effects (9)
Scrolls
 e - 2 scrolls of enchant weapon {unknown}
 g - 3 scrolls of teleportation {unknown}
 k - a scroll of immolation {unknown}
 l - 8 scrolls of identify {unknown}
 m - 2 scrolls of fog {unknown}
 n - 3 scrolls of noise {unknown}
 s - 2 scrolls of random uselessness {unknown}
 u - a scroll of fear {unknown}
 v - a scroll of enchant armour {unknown}
Comestibles
 f - 8 rations


   Skills:
 + Level 2.5 Fighting
 * Level 4.4 Crossbows
 + Level 3.5 Dodging
 + Level 2.8 Stealth
 - Level 1.1 Spellcasting
 - Level 3.0 Hexes


You had 5 spell levels left.
You knew the following spells:

 Your Spells              Type           Power        Failure   Level  Hunger
a - Corona                Hex            #......      21%         1    ##.....

Your spell library contained the following spells:

 Spells                   Type           Power        Failure   Level  Hunger
 Slow                     Hex            #.......     30%         2    ###....
 Inner Flame              Hex/Fire       #.......     73%         3    ####...
 Portal Projectile        Hex/Tloc       #.....       73%         3    ####...
 Cause Fear               Hex            #.........   89%         4    #####..
 Leda's Liquefaction      Hex/Erth       #.........   98%         4    #####..


Dungeon Overview and Level Annotations

Branches:
Dungeon (4/15)
 Temple: D:4-7

Altars:
Hepliaklqana
Zin


Innate Abilities, Weirdness & Mutations

You are small and have problems with some larger weapons.
You are carnivorous and can eat meat at any time.
You are robust. (+10% HP)
Your muscles are strong. (Str +2)


Message History

* * * LOW HITPOINT WARNING * * *
You feel sick.
* * * LOW HITPOINT WARNING * * *
You feel sick.
* * * LOW HITPOINT WARNING * * *
You feel sick. The worker ant completely misses you.
You hit the worker ant but do no damage.
The worker ant is severely wounded.
* * * LOW HITPOINT WARNING * * *
You feel sick. The worker ant closely misses you.
You barely miss the worker ant.
The worker ant is severely wounded.
* * * LOW HITPOINT WARNING * * *
You feel sick. The worker ant completely misses you.
The scorpion stings you but does no damage.
You hit the worker ant but do no damage.
The worker ant is severely wounded.
* * * LOW HITPOINT WARNING * * *
You feel sick. The worker ant bites you.
You die...

##.......# #.# ##########
#.# #.# ####### #.# ##.....#
#.# #...##.# #.# ###.#.##.#
#.# ####...#...s##########.#
#####....#####.a@..........#
......##.s.#...#############
##########.#.### #...# #####


You could see a scorpion and a worker ant.

Vanquished Creatures
  7 adders (D:2)
  An ooze (D:2)
  A worm (D:2)
  A dart slug (D:1)
  A leopard gecko (D:1)
  An orc (D:3)
  A ball python (D:2)
  6 bats
  3 giant cockroaches
  9 hobgoblins
  6 jackals (D:2)
  8 kobolds
  A quokka (D:2)
  6 frilled lizards
  7 goblins
  9 rats
68 creatures vanquished.

Notes
Turn   | Place    | Note
-------+----------+-------------------------------------------
     0 | D:1      | D1HalberdGnoll the Kobold Arcane Marksman began the quest
                  | for the Orb.
     0 | D:1      | Reached XP level 1. HP: 12/12 MP: 2/2
    35 | D:1      | Reached XP level 2. HP: 16/16 MP: 3/3
   136 | D:1      | Reached skill level 1 in Stealth
   167 | D:1      | Reached skill level 3 in Crossbows
   265 | D:1      | Reached XP level 3. HP: 18/20 MP: 4/4
   652 | D:2      | Found a hazy altar of Hepliaklqana.
   678 | D:2      | Reached XP level 4. HP: 20/26 MP: 5/5
  1090 | D:2      | Gained mutation: Your muscles are strong. (Str +2) [potion
                  | of mutation]
  1090 | D:2      | Gained mutation: You are robust. (+10% HP) [potion of
                  | mutation]
  1100 | D:2      | Reached skill level 4 in Crossbows
  1441 | D:2      | Reached XP level 5. HP: 32/33 MP: 6/6
  2519 | D:3      | Found a glowing silver altar of Zin.
  2754 | D:3      | HP: 1/34 [poisoned by a worker ant]
  2754 | D:3      | Slain by a worker ant

Levels and vault maps discovered:
D:1:      dpeg_arrival_leaves_temple_mockup, layout_basic,
          minmay_split_cup_small
D:2:      layout_basic, old_standard_altar
D:3:      layout_loops_ring, zin_scriptorium, hex_large
D:4:      cheibrodos_old_hovel, layout_basic, minmay_temple_entry_statues,
          ebering_ghost_sewer_f, first_ration, portal_sewer_entry_b,
          minmay_manual_mandibuliform

Skill      XL: |  1  2  3  4 |
---------------+-------------+-----
Stealth        | 1 2 |  2.8
Crossbows      | 3 4 |  4.4
Dodging        | 3 |  3.5
Fighting       | 2 |  2.5
Spellcasting   | |  1.1
Hexes          | |  3.0

Action                   |  1- 3 |  4- 6 || total
-------------------------+-------+-------++-------
Melee: Dagger            |     1 |   278 ||   279
 Fire: Hand crossbow     |    86 |    22 ||   108
  Use: Potion            |       |     6 ||     6
 Stab: Distracted        |       |     1 ||     1
       Sleeping          |       |     2 ||     2
  Eat: Chunk             |       |     5 ||     5
Armor: Ring mail         |    19 |    94 ||   113
       Robe              |     1 |       ||     1
Dodge: Dodged            |    45 |   251 ||   296

Table legend:
 A = Non-vault XP
 B = Vault XP
 C = Vault XP percentage of total XP
 D = Non-vault monster count
 E = Vault monster count
 F = Vault count percentage of total count
                 A         B        C        D         E       F
            +---------+---------+-------+---------+---------+-------
      Total |     200 |       5 |   2.4 |      65 |       3 |   4.4
            +---------+---------+-------+---------+---------+-------
        D:1 |      34 |       5 |  12.8 |      20 |       3 |  13.0
        D:2 |     152 |       0 |   0.0 |      36 |       0 |   0.0
        D:3 |      14 |       0 |   0.0 |       9 |       0 |   0.0
            +---------+---------+-------+---------+---------+-------
